 Dungeon Crawl Stone Soup version 0.21-a0-82-gdb84782 (webtiles) character file.

42 Rrauwl the Magician (level 3, -2/24 HPs)
             Began as a Gnoll Wizard on June 24, 2017.
             Slain by an adder (4 damage)
             ... on level 2 of the Dungeon.
             The game lasted 00:04:05 (1165 turns).

Rrauwl the Magician (Gnoll Wizard)                  Turns: 1165, Time: 00:04:06

Health: -2/24      AC:  5    Str:  5 (7)  XL:     3   Next: 56%
Magic:  9/9        EV:  9    Int: 16 (18) God:
Gold:   59         SH:  0    Dex:  9 (12) Spells: 11/12 levels left

rFire    . . .     SeeInvis .   a - +0 whip
rCold    . . .     Gourm    .   (no shield)
rNeg     . . .     Faith    .   g - +0 ring mail
rPois    .         Spirit   .   b - +0 hat
rElec    .         Reflect  .   (no cloak)
rCorr    .         Harm     .   (no gloves)
MR       .....                  (no boots)
Stlth    +.........             (no amulet)
HPRegen  0.08/turn              (no ring)
MPRegen  0.11/turn              (no ring)

@: lethally poisoned (-2 -> -4)
A: short attention span, fangs 1, strong nose
a: no special abilities


You were on level 2 of the Dungeon.
You were not hungry.

You visited 1 branch of the dungeon, and saw 2 of its levels.

You collected 59 gold pieces.

Inventory:

Hand Weapons
 a - a +0 whip (weapon)
Armour
 b - a +0 hat (worn)
 g - a +0 ring mail (worn)
Scrolls
 i - a scroll of remove curse
Potions
 e - a potion of cancellation
 j - a potion of curing
Books
 c - a book of Minor Magic

   Spells                             Type                      Level
   a - Magic Dart                     Conjuration                  1
   b - Blink                          Translocation                2
   c - Call Imp                       Summoning                    2
   d - Slow                           Hexes                        2
   e - Conjure Flame                  Conjuration/Fire             3
   f - Mephitic Cloud                 Conjuration/Poison/Air       3
Comestibles
 d - a bread ration
 f - a chunk of flesh
 l - a meat ration


   Skills:
 + Level 4.1 Maces & Flails
 + Level 2.4 Armour
 - Level 3.2 Dodging
 - Level 3.0 Stealth
 - Level 5.3 Spellcasting
 - Level 1.7 Conjurations
   Level 1.7 Summonings
   Level 1.7 Translocations


You had 11 spell levels left.
You knew the following spells:

 Your Spells              Type           Power        Failure   Level  Hunger
a - Magic Dart            Conj           #...         32%         1    None


Dungeon Overview and Level Annotations

Branches:
Dungeon (2/15)

Altars:
Vehumet


Innate Abilities, Weirdness & Mutations

You have a short attention span.
You have very sharp teeth.
Your uncanny sense of smell can sniff out nearby items.


Message History

You hit the adder. Your bite misses the adder.
The adder is severely wounded.
The adder bites you but does no damage.
You hit the adder.
The adder is severely wounded.
The adder barely misses you. x2
You closely miss the adder. Your bite misses the adder.
The adder is severely wounded.
The adder barely misses you.
You barely miss the adder.
The adder is severely wounded.
You feel sick. The adder barely misses you.
Your ring mail prevents you from hitting the adder.
The adder is severely wounded.
The adder bites you.
* * * LOW HITPOINT WARNING * * *
You closely miss the adder.
The adder is severely wounded.
The adder bites you.
You die...

♣♣♣. .. ..
♣P♣.♣♣.♣♣♣.♣♣
..♣..P.♣..PP♣♣P
[P♣♣♣.P♣..P.. .♣..
..♣P..8...♣.♣.....
.P......#...#...♣
P♣........S........
PP.♣...#..@_...#..P
P.♣..P............♣
♣......P.#...#...P
.PP♣P....P.P..PP♣♣
..♣♣♣P.♣♣PP♣♣.♣§♣
♣.PP♣P.P### .♣
##.♣..♣....###..
.................
##..###.##....... ∆
#


You could see an adder.

Vanquished Creatures
  An ooze (D:2)
  A leopard gecko (D:1)
  A ball python (D:1)
  5 bats (D:1)
  A giant cockroach (D:2)
  11 goblins (D:1)
  A hobgoblin (D:1)
  3 jackals (D:1)
  A frilled lizard (D:1)
  7 rats
32 creatures vanquished.

Notes
Turn   | Place    | Note
-------+----------+-------------------------------------------
     0 | D:1      | Rrauwl the Gnoll Wizard began the quest for the Orb.
     0 | D:1      | Reached XP level 1. HP: 13/13 MP: 6/6
    38 | D:1      | Reached skill level 1 in Maces & Flails
   113 | D:1      | Reached XP level 2. HP: 18/19 MP: 8/8
   440 | D:1      | Reached skill level 1 in Armour
   605 | D:1      | Reached XP level 3. HP: 19/24 MP: 9/9
  1113 | D:2      | Found a radiant altar of Vehumet.
  1165 | D:2      | Slain by an adder

Vault maps used:
D:1:      saegor_arrival_under_anarchy
D:2:      wad_woods_stonehenge, chequers_ecumenical_altar_simple_redux

Skill      XL: |  1  2  3 |
---------------+----------+-----
Maces & Flails | 2 3 4 |  4.1
Armour         | 1 2 |  2.4
Dodging        | |  3.2
Stealth        | |  3.0
Spellcasting   | |  5.3
Conjurations   | |  1.7
Summonings     | |  1.7
Translocations | |  1.7

Action                   || total
-------------------------++-------
Melee: Whip              ||   208
       Bite              ||     9
 Cast: Magic Dart        ||     5
  Use: Scroll            ||     5
       Potion            ||     3
  Eat: Chunk             ||     1
Armor: Robe              ||     4
       Ring mail         ||   108
Dodge: Dodged            ||   126
